 Dungeon Crawl Stone Soup version 0.30.0-3-ga4e48a9924 (webtiles) character file.

Game seed: 2431935681847014608

123 jimonade the Slasher (level 5, 0/28 HPs)
             Began as a Vine Stalker Monk on May 7, 2023.
             Killed by nerve-wracking pain
             ... invoked by an orc priest
              (11 damage)
             ... on level 3 of the Dungeon.
             The game lasted 00:02:28 (2030 turns).

jimonade the Slasher (Vine Stalker Monk)            Turns: 2030, Time: 00:02:29

Health: 0/28       AC:  7    Str: 14    XL:     5   Next: 7%
Magic:  0/6        EV: 12    Int: 10    God:
Gold:   256        SH:  0    Dex: 18    Spells: 4/4 levels left

rFire   + . .        a - +0 long sword
rCold   . . .        d - orb {light}
rNeg    . . .        j - +0 ring mail
rPois   .            v - +1 hat of Lightning Storm {rF+}
rElec   .            (no cloak)
rCorr   .            s - +0 pair of gloves
SInv    .            (no boots)
Will    .....        (no amulet)
Stlth   +            (no ring)
HPRegen 1.04/turn    (no ring)
MPRegen 0.10/turn

%: guardian spirit
@: glowing
A: fangs 2, regeneration 1, magic shield, antimagic bite, no potion heal 2
a: no special abilities


You were on level 3 of the Dungeon.
You visited 1 branch of the dungeon, and saw 3 of its levels.

You collected 256 gold pieces.

Inventory:

Hand Weapons
 a - a +0 long sword (weapon)
 g - a +0 falchion
Missiles
 p - 3 poisoned darts (quivered)
Armour
 b - a +0 robe
 d - an orb of light (worn)
 f - a +0 plate armour
 i - a +0 leather armour
 j - a +0 ring mail (worn)
 s - a +0 pair of gloves (worn)
 v - the +1 hat of Lightning Storm (worn) {rF+}
   (You found it on level 3 of the Dungeon)

   rF:        It protects you from fire.
Scrolls
 e - 2 scrolls of fog {unknown}
 l - 4 scrolls of identify {unknown}
 n - a scroll of amnesia {unknown}
 o - a scroll of magic mapping {unknown}
 q - 4 scrolls of teleportation {unknown}
 r - a scroll of enchant armour {unknown}
 t - a scroll of noise {unknown}
 u - a scroll of poison {unknown}
 w - a scroll of torment {unknown}
Potions
 c - a potion of ambrosia
 h - a potion of brilliance {unknown}
 k - a potion of heal wounds {unknown}
 m - a potion of resistance {unknown}
 x - 2 potions of might {unknown}
 z - 2 potions of curing {unknown}


   Skills:
 + Level 3.2 Fighting
 + Level 4.2 Long Blades
 + Level 0.3 Armour
 + Level 3.0 Dodging
 + Level 0.7 Stealth


You had 4 spell levels left.
You didn't know any spells.
Your spell library contained the following spells:

 Spells                   Type           Power      Damage    Failure   Level
 Ignite Poison            Fire/Tmut/Pois 0%         N/A       93%         3
 Sticky Flame             Conj/Fire      0%         2d3       100%        4
 Ignition                 Fire           0%         3d3       100%        8


Dungeon Overview and Level Annotations

Branches:
Dungeon (3/15)

Altars:
Ashenzari
Cheibriados
Elyvilon
Gozag
The Shining One


Innate Abilities, Weirdness & Mutations

You have extremely sharp teeth.
Your natural rate of healing is unusually fast.
When hurt, damage is shared between your health and your magic reserves.
Your bite disrupts and absorbs the magic of your enemies.
Potions cannot restore your health.


Message History

You see here the +1 hat of Lightning Storm {rF+}.
v - the +1 hat of Lightning Storm {rF+} You start putting on your armour.
You continue putting on the +1 hat of Lightning Storm {rF+}. x4
You finish putting on the +1 hat of Lightning Storm {rF+}.
There is a stone staircase leading up here.
w - a scroll labelled TEOREIGIAG
Found a snail-covered altar of Cheibriados.
A frilled lizard comes into view.
Found 13 gold pieces.
The frilled lizard hisses angrily.
A frilled lizard is nearby!
You hit the frilled lizard.
You kill the frilled lizard!
No target in view!
No target in view!
You now have 256 gold pieces (gained 13).
Found a stone staircase leading down.
x - 2 green potions
There is a stone staircase leading down here.
z - 2 grey potions You open the door. 3 orc priests come into view.
The orc priest shouts!
Found 76 gold pieces.
Found a roughly hewn altar of Beogh.
There are monsters nearby!
There is an open door here.
The orc priest invokes the aid of Beogh against you.
Beogh smites you!
The orc priest mumbles some strange prayers to Beogh against you.
You struggle to resist.
You slash the orc priest!
The orc priest is almost dead.
The orc priest calls down the wrath of Beogh upon you.
Pain shoots through your body!
The orc priest casts a cantrip, but nothing happens.
The orc priest hits you but does no damage.
The orc priest invokes the aid of Beogh against you.
Pain shoots through your body!
You die...

###.#
##.# #
#...#
#..#
#.###
#.##
##### #.#
##._.##
#.#
#.8$8$#
#.#
#$o.$$#
#.#
#o8o8.#
#<# #@..#
#.# ##'##
#.## #.#
#..# #.#
##.# #.#
#.#######
#.###
#.......#
#...#
#######.#
###.# #.#
#.# #.#


You could see 3 orc priests.

Vanquished Creatures
  Jessica (D:3)
  Natasha (D:2)
  2 adders
  A dart slug (D:1)
  5 ball pythons
  4 endoplasms
  A giant cockroach (D:2)
  3 goblins
  6 hobgoblins
  4 jackals
  8 kobolds
  3 quokkas
  5 bats
  4 frilled lizards
  4 rats
52 creatures vanquished.

Notes
Turn   | Place    | Note
-------+----------+-------------------------------------------
     0 | D:1      | jimonade the Vine Stalker Monk began the quest for the Orb.
     0 | D:1      | Reached XP level 1. HP: 11/11 MP: 2/2
    80 | D:1      | Reached XP level 2. HP: 16/16 MP: 3/3
   150 | D:1      | Reached skill level 3 in Long Blades
   475 | D:1      | Reached XP level 3. HP: 20/20 MP: 4/4
  1198 | D:2      | Found a faded altar of an unknown god.
  1265 | D:2      | Gained mutation: Your natural rate of healing is unusually
                  | fast. [Vine Stalker growth]
  1265 | D:2      | Reached XP level 4. HP: 18/24 MP: 3/5
  1377 | D:2      | Noticed Natasha
  1379 | D:2      | Killed Natasha
  1541 | D:3      | Reached skill level 4 in Long Blades
  1597 | D:3      | Found a white marble altar of Elyvilon.
  1606 | D:3      | Found a broken altar of Ashenzari.
  1607 | D:3      | Found an opulent altar of Gozag.
  1681 | D:3      | Found a glowing golden altar of the Shining One.
  1751 | D:3      | Noticed Jessica
  1755 | D:3      | Killed Jessica
  1756 | D:3      | Reached XP level 5. HP: 27/28 MP: 6/6
  1868 | D:3      | Identified the +1 hat of Lightning Storm {rF+}
  1910 | D:3      | Found a snail-covered altar of Cheibriados.
  2030 | D:3      | Killed from afar by an orc priest

Illustrated notes

Levels and vault maps discovered:
D:1:      lordsloth_arrival_two_stooges, layout_basic
D:2:      layout_rooms, basic_ecumenical_altar, uniq_natasha
D:3:      layout_loops_ring, mainiacjoe_overflow_small_starburst,
          mainiacjoe_overflow_paths, minitemple, kennysheep_orc_chapel,
          uniq_jessica

Skill      XL: |  1  2  3  4 |
---------------+-------------+-----
Long Blades    | 3 4 |  4.2
Fighting       | 3 |  3.2
Dodging        | 3 |  3.0
Armour         | |  0.3
Stealth        | |  0.7

Action                     |  1- 3 |  4- 6 || total
---------------------------+-------+-------++-------
  Melee: Falchion          |    46 |       ||    46
         Bite              |    27 |     7 ||    34
         Long sword        |    42 |    24 ||    66
 Armour: Robe              |    14 |       ||    14
         Ring mail         |     8 |    12 ||    20
  Dodge: Dodged            |    53 |    17 ||    70
